 Dungeon Sprint DCSS version 0.21.1-1-g345015f (webtiles) character file.

4000000 vatarom the Sabretooth (level 14, -160/91 HPs)
             Began as a Felid Fighter on Apr 28, 2018.
             Was a Priest of Makhleb.
             Annihilated by a destroyer
             ... wielding a +9 great sword of slicing
              (205 damage)
             ... in the Dungeon (Sprint VIII: "Arena of Blood").
             The game lasted 00:00:49 (40 turns).

vatarom the Sabretooth (Felid Fighter)                Turns: 40, Time: 00:00:49

Health: -160/91    AC:  3    Str: 15    XL:     14   Next: 82%
Magic:  27/27      EV: 40    Int: 11    God:    Makhleb [***...]
Gold:   0          SH:  0    Dex: 18    Spells: 30/30 levels left
                                        Lives:  0   Deaths: 4

rFire    . . .     SeeInvis +     - Unarmed
rCold    + . .     Gourm    .   (shield unavailable)
rNeg     . . .     Faith    .   (armour unavailable)
rPois    .         Spirit   .   (helmet unavailable)
rElec    .         Reflect  .   (cloak unavailable)
rCorr    .         Harm     .   (gloves unavailable)
MR       ++...     NoTele   +   (boots unavailable)
Stlth    +++++++++.             (no amulet)
HPRegen  0.25/turn              i - +27000 ring of slaying
MPRegen  0.20/turn              (no ring)

@: quick
A: very small, no armour, no weapons or thrown items, stealth, claws 1, fangs 3,
see invisible, carnivore, speed 1, shaggy fur 3, slow metabolism 1, sharp paws
a: Minor Destruction, Lesser Servant of Makhleb, Renounce Religion


You were in the Dungeon.
You worshipped Makhleb.
Makhleb was most pleased with you.
You were not hungry.

You visited 1 branch

Inventory:

Jewellery
 i - a +27000 ring of slaying (left paw)
Potions
 a - a potion of might
 c - a potion of curing
 d - a potion of heal wounds
 e - a potion of haste
 f - 2 potions of magic
 g - a potion of berserk rage
Comestibles
 b - a ration


   Skills:
 O Level 27 Fighting
 O Level 27 Dodging
 O Level 27 Stealth
 O Level 27 Unarmed Combat
 + Level 8.5 Spellcasting
 + Level 9.3 Invocations


You had 30 spell levels left.
You didn't know any spells.

Dungeon Overview and Level Annotations

Branches:
Dungeon (1/1)

Altars:
Makhleb


Innate Abilities, Weirdness & Mutations

You cannot wear armour.
You are incapable of wielding weapons or throwing items.
Your paws allow you to move quietly. (Stealth)
You have sharp claws.
You have razor-sharp teeth.
You have supernaturally acute eyesight. (SInv)
You are carnivorous and can eat meat at any time.
You cover ground quickly.
Your thick and shaggy fur keeps you warm. (AC +3, rC+)
You have a slow metabolism.
Your sharp claws are effective at attacking unaware monsters.


Message History

The destroyer blinks!
You hear a shout! x3
You hear a shout! x8
The destroyer blinks!
You hear a shout! x3
The meat berserker hits you with a +9 battleaxe!!
You hear a shout! x6
You eviscerate the meat berserker!!!!!!!!
You kill the meat berserker!
Makhleb accepts your kill.
You can now summon a lesser servant of Makhleb.
You have mastered Stealth!
Welcome back to level 14!
You hear a shout!
The meat berserker hits you with a +9 battleaxe!
You hear a shout! x4
The bag of meat completely misses you.
You hear a shout!
The destroyer hits you with a +9 great sword of slicing!!!!!
Ouch! That really hurt!
You die...

..............##.....#
.....#........#......#.
.............O#OOo###... .
...##.#..o...ooOo.o...# .##.
...........O.o.oo.o...
....o####...o#..O.o####......
#.............O..o..#o......
####..O....OV§oo...o.....###
####....@oOooo..o..####
#################


You could see a destroyer, a large bag of meat (inner flame), 6 meat berserkers
and 11 bags of meat.

Vanquished Creatures
  3 ogres (D)
  5 orcs (D)
8 creatures vanquished.

Notes
Turn   | Place    | Note
-------+----------+-------------------------------------------
     0 | D        | vatarom the Felid Fighter began the quest for the Orb.
     0 | D        | Reached XP level 1. HP: 10/10 MP: 2/2
     3 | D        | Noticed a bag of meat
     4 | D        | Became a worshipper of Makhleb the Destroyer
     7 | D        | Noticed a bag of meat
     7 | D        | Noticed a meat berserker
     8 | D        | Killed a bag of meat
     8 | D        | Reached XP level 2. HP: 24/24 MP: 3/3
     8 | D        | Reached XP level 3. HP: 28/28 MP: 4/4
     8 | D        | Reached XP level 4. HP: 32/32 MP: 5/5
     8 | D        | Reached XP level 5. HP: 36/36 MP: 6/6
     8 | D        | Gained mutation: You are covered in thick fur. (AC +2) [Felid growth]
     8 | D        | Reached XP level 6. HP: 40/40 MP: 7/7
     8 | D        | Reached XP level 7. HP: 43/43 MP: 8/8
     8 | D        | Reached XP level 8. HP: 48/48 MP: 9/9
     8 | D        | Reached XP level 9. HP: 51/51 MP: 10/10
     8 | D        | Reached XP level 10. HP: 55/55 MP: 11/11
     8 | D        | Reached XP level 11. HP: 59/59 MP: 12/12
     9 | D        | Noticed a meat berserker
    10 | D        | Slain by a meat berserker
    11 | D        | Reached XP level 10. HP: -5/55 MP: 11/11
    12 | D        | Noticed a bag of meat
    12 | D        | Noticed a bag of meat
    13 | D        | Killed a meat berserker
    13 | D        | Reached * piety under Makhleb
    13 | D        | Reached XP level 11. HP: 14/63 MP: 12/12
    13 | D        | Gained mutation: Your thick and shaggy fur keeps you warm. (AC +3, rC+) [Felid growth]
    13 | D        | Reached XP level 12. HP: 15/67 MP: 13/13
    13 | D        | Reached XP level 13. HP: 16/71 MP: 14/14
    13 | D        | Slain by a meat berserker
    14 | D        | Reached XP level 12. HP: -5/67 MP: 13/13
    14 | D        | Noticed a meat berserker
    14 | D        | Noticed a bag of meat
    15 | D        | Noticed a meat berserker
    15 | D        | Noticed a bag of meat
    17 | D        | Noticed a bag of meat
    18 | D        | Noticed a meat berserker
    18 | D        | Killed a bag of meat
    18 | D        | Reached skill level 27 in Unarmed Combat
    18 | D        | Reached XP level 13. HP: 74/74 MP: 14/14
    20 | D        | Noticed a bag of meat
    20 | D        | Noticed a bag of meat
    20 | D        | Killed a meat berserker
    20 | D        | Reached XP level 14. HP: 4/84 MP: 15/15
    21 | D        | Killed a bag of meat
    21 | D        | Reached ** piety under Makhleb
    21 | D        | Reached skill level 27 in Dodging
    21 | D        | Reached XP level 15. HP: 61/91 MP: 16/16
    22 | D        | Noticed a meat berserker
    23 | D        | Reached skill level 27 in Fighting
    24 | D        | Noticed a meat berserker
    24 | D        | Annihilated by a meat berserker
    25 | D        | Reached XP level 14. HP: -52/91 MP: 16/27
    25 | D        | Noticed a bag of meat
    25 | D        | Noticed a bag of meat
    25 | D        | Noticed a meat berserker
    25 | D        | Noticed a bag of meat
    25 | D        | Noticed a bag of meat
    25 | D        | Noticed a large bag of meat
    26 | D        | Noticed a bag of meat
    26 | D        | Noticed a bag of meat
    26 | D        | Noticed a bag of meat
    26 | D        | Noticed a bag of meat
    26 | D        | Noticed a meat berserker
    27 | D        | Noticed a meat berserker
    27 | D        | Noticed a meat berserker
    27 | D        | Noticed a meat berserker
    27 | D        | Noticed a large bag of meat
    27 | D        | Noticed a bag of meat
    27 | D        | Noticed a meat berserker
    28 | D        | Noticed a bag of meat
    28 | D        | Noticed a bag of meat
    28 | D        | Noticed a bag of meat
    28 | D        | Noticed a bag of meat
    28 | D        | Noticed a bag of meat
    28 | D        | Noticed a bag of meat
    28 | D        | Noticed a meat berserker
    29 | D        | Noticed a bag of meat
    31 | D        | Noticed a destroyer
    31 | D        | Noticed a bag of meat
    34 | D        | Annihilated by a destroyer
    35 | D        | Reached XP level 13. HP: -41/87 MP: 26/26
    35 | D        | Noticed a bag of meat
    39 | D        | Killed a meat berserker
    39 | D        | Reached *** piety under Makhleb
    39 | D        | Reached skill level 27 in Stealth
    39 | D        | Reached XP level 14. HP: 61/91 MP: 27/27
    40 | D        | Annihilated by a destroyer

Skill      XL: |  1  2  3  4  5  6  7  8  9 10 11 12 13 14 15 |
---------------+----------------------------------------------+-----
Fighting       | 13 16 18 22 24 27 | 27.0
Dodging        | 16 20 22 26 27 | 27.0
Unarmed Combat | 21 25 27 | 27.0
Stealth        | 27 12 | 27.0
Spellcasting   | 8 |  8.5
Invocations    | 9 |  9.3

Action                   |  1- 3 |  4- 6 |  7- 9 | 10-12 | 13-15 || total
-------------------------+-------+-------+-------+-------+-------++-------
Melee: Unarmed           |     1 |       |       |     2 |     6 ||     9
  Use: Scroll            |       |       |       |       |     1 ||     1
Dodge: Dodged            |       |       |       |     2 |     6 ||     8
